 Dungeon Crawl Stone Soup version 0.25-a0-279-g53730b6a6f (webtiles) character file.

Game seed: 7193193521679370283, levelgen mode: deterministic

704 Gargoyl the Skirmisher (level 7, -7/88 HPs)
             Began as a Centaur Abyssal Knight on Dec 10, 2019.
             Was a Believer of Lugonu.
             Mangled by Pikel
             ... wielding a +0 whip of electrocution
              (20 damage)
             ... on level 5 of the Dungeon.
             The game lasted 00:06:05 (3779 turns).

Gargoyl the Skirmisher (Centaur Abyssal Knight)     Turns: 3779, Time: 00:06:06

Health: -7/88      AC: 23    Str: 15    XL:     7   Next: 39%
Magic:  9/9        EV:  1    Int: 11    God:    Lugonu [**....]
Gold:   119        SH:  0    Dex: 10    Spells: 6/6 levels left

rFire    . . .     SeeInvis .   a - +1 hand axe
rCold    . . .     Gourm    .   (no shield)
rNeg     + + +     Faith    .   (armour currently unavailable)
rPois    +         Spirit   .   (helmet currently unavailable)
rElec    .         Reflect  .   (cloak currently unavailable)
rCorr    .         Harm     .   (gloves currently unavailable)
MR       .....     NoTele   +   (no barding)
Stlth    +.........             (no amulet)
HPRegen  0.24/turn              e - +2 ring of evasion
MPRegen  0.11/turn              m - ring of poison resistance

@: tree-form, hasted, very quick
A: large
a: Depart the Abyss, Bend Space, Renounce Religion


You were on level 5 of the Dungeon.
You worshipped Lugonu.
Lugonu was pleased with you.
You were not hungry.
You were a tree.
You visited 1 branch of the dungeon, and saw 6 of its levels.
You visited the Abyss 1 time.

You collected 119 gold pieces.

Inventory:

Hand Weapons
 a - a +1 hand axe (weapon)
 r - a cursed +0 war axe
Armour
 g - a +0 cloak (melded)
 n - a +1 chain mail (melded)
Jewellery
 e - a +2 ring of evasion (left branch)
 m - a ring of poison resistance (right branch)
 p - an uncursed ring of see invisible
 t - a +2 ring of dexterity {unknown}
Scrolls
 d - a scroll of fear
 l - 5 scrolls of remove curse
 o - 2 scrolls of identify
 s - a scroll of blinking
Potions
 b - 2 potions of curing
 f - 2 potions of might
 h - 2 potions of lignification
 j - 2 potions of agility
 k - a potion of invisibility {unknown}
Comestibles
 c - 5 rations


   Skills:
 + Level 4.2 Fighting
 + Level 4.0 Axes
 * Level 3.6 Armour
 * Level 2.3 Dodging
 * Level 3.8 Invocations


You had 6 spell levels left.
You didn't know any spells.
Your spell library was empty.

Dungeon Overview and Level Annotations

Branches:
Dungeon (6/15)
 Temple: D:4-7

Altars:
Nemelex Xobeh
Okawaru
Qazlal
Trog

Annotations:
D:5 Pikel


Innate Abilities, Weirdness & Mutations

((You have hooves in place of feet.))
((Armour fits poorly on your strangely shaped body.))
((You cover ground very quickly.))
((You have extremely tough skin. (AC +3)))


Message History

You are electrocuted!
* * * LOW HITPOINT WARNING * * *
Unknown command.
Things that are here:
a +0 giant spiked club; a +0 club
Okay, then.
Unknown command.
Okay, then.
You see here 7 gold pieces.
You now have 119 gold pieces (gained 7).
Really quaff the potion of lignification?
You turn into a tree.
Your +0 cloak melds into your body.
Your +1 chain mail melds into your body.
Your roots penetrate the ground.
You feel better. Pikel hits you but does no damage.
It was a potion of haste.
You feel yourself speed up.
Pikel hits you with a +0 whip of electrocution.
* * * LOW HITPOINT WARNING * * *
You are electrocuted!!
You die...

#########
#♣......#
#K......#
#.......#
##.....%.#
#........#
#........#
#...)....#
#.##<)#.##
#. #.##.#


You could see Pikel.

Vanquished Creatures
  A sky beast (D:5)
  An ogre (D:5)
  2 centaurs (D:5)
  An orc priest (D:4)
  Jessica (D:2)
  An orc wizard (D:4)
  2 worker ants
  3 adders (D:3)
  11 gnolls
  2 oozes
  3 adder skeletons
  2 worms
  4 dart slugs
  A leopard gecko (D:5)
  7 orcs
  5 giant cockroaches
  6 hobgoblins
  6 jackals
  A ball python (D:3)
  5 bats
  5 frilled lizards
  7 goblins
  5 kobolds
  3 rats
85 creatures vanquished.

Notes
Turn   | Place    | Note
-------+----------+-------------------------------------------
     0 | Abyss:1  | Gargoyl the Centaur Abyssal Knight began the quest for the
                  | Orb.
     0 | Abyss:1  | Reached XP level 1. HP: 19/19 MP: 2/2
    53 | Abyss:1  | Noticed a raiju
    54 | D:1      | Escaped the Abyss
   116 | D:1      | Reached XP level 2. HP: 25/26 MP: 3/3
   359 | D:1      | Reached * piety under Lugonu
   359 | D:1      | Reached skill level 1 in Dodging
   930 | D:1      | Reached XP level 3. HP: 28/31 MP: 4/4
  1088 | D:2      | Noticed Jessica
  1094 | D:2      | Killed Jessica
  1161 | D:2      | Reached XP level 4. HP: 38/40 MP: 5/5
  1524 | D:2      | Found a bloodstained altar of Trog.
  1803 | D:3      | Found a stormy altar of Qazlal.
  1846 | D:3      | Reached XP level 5. HP: 43/46 MP: 7/7
  2166 | D:3      | Reached ** piety under Lugonu
  2385 | D:3      | Found an iron altar of Okawaru.
  2755 | D:3      | You fall into a shaft and drop 3 floors!
  2762 | D:5      | Entered Level 5 of the Dungeon
  2765 | D:5      | Noticed a centaur
  2767 | D:5      | Found a sparkling altar of Nemelex Xobeh.
  2772 | D:5      | Killed a centaur
  2772 | D:5      | Reached XP level 6. HP: 25/52 MP: 8/8
  3162 | D:4      | Noticed a sky beast
  3372 | D:5      | Killed a sky beast
  3372 | D:5      | Reached XP level 7. HP: 43/59 MP: 9/9
  3733 | D:4      | Noticed Pikel
  3768 | D:5      | HP: 2/59 [Pikel/+0 whip of electrocution (17)]
  3779 | D:5      | Mangled by Pikel

Levels and vault maps discovered:
D:1:      eino_arrival_tree_alley, layout_basic
D:2:      layout_loops_cross, lightli_temple_of_fire, minmay_crystal_room,
          uniq_jessica
D:3:      layout_loops_ring, okawaru_trees_1, lemuel_doored_altar, first_ration
D:4:      layout_cave_pools, amethyst_overflow_temple_binary, roderic_batcave,
          uniq_pikel
D:5:      layout_loops_cross, nemelex_xobeh_ov_fountains_minmay,
          lemuel_coloured_pillars_altar, minmay_temple_entry_enclosed_plants,
          serial_shops, nicolae_shop_crystal, item_on_display_a,
          uniq_prince_ribbit1
D:6:      layout_rooms, kennysheep_mini, uniq_menkaure

Skill      XL: |  1  2  3  4  5  6  7 |
---------------+----------------------+-----
Dodging        | 1 2 |  2.3
Axes           | 2 3 4 |  4.0
Armour         | 2 3 |  3.6
Invocations    | 3 |  3.8
Fighting       | 4 |  4.2

Action                   |  1- 3 |  4- 6 |  7- 9 || total
-------------------------+-------+-------+-------++-------
Melee: Hand axe          |    87 |   177 |    58 ||   322
       Kick              |    12 |    35 |    12 ||    59
Invok: Depart the Abyss  |     1 |       |       ||     1
  Use: Scroll            |     4 |     7 |       ||    11
       Potion            |       |     1 |     3 ||     4
  Eat: Chunk             |       |     6 |     2 ||     8
Armor: Ring mail         |    25 |       |       ||    25
       Chain mail        |    19 |   139 |    25 ||   183
Dodge: Dodged            |    26 |    80 |    17 ||   123

Table legend:
 A = Non-vault XP
 B = Vault XP
 C = Vault XP percentage of total XP
 D = Non-vault monster count
 E = Vault monster count
 F = Vault count percentage of total count
                 A         B        C        D         E       F
            +---------+---------+-------+---------+---------+-------
      Total |     969 |      37 |   3.7 |      84 |       1 |   1.2
            +---------+---------+-------+---------+---------+-------
        D:1 |      44 |       0 |   0.0 |      21 |       0 |   0.0
        D:2 |     114 |      37 |  24.5 |      15 |       1 |   6.2
        D:3 |     122 |       0 |   0.0 |      25 |       0 |   0.0
        D:4 |     142 |       0 |   0.0 |      10 |       0 |   0.0
        D:5 |     547 |       0 |   0.0 |      13 |       0 |   0.0
            +---------+---------+-------+---------+---------+-------
